| TOP OF THE 1ST |
|
Norfolk Tides batting - Pitching for Nashville Sounds : RHP Reynaldo Edwards
|
|
Pitching: RHP Reynaldo Edwards
|
|
|
Batting: LHB Hyoji Toda
|
0-0: Ball 1-0: Ball 2-0: Called Strike 2-1: Swinging Strike 2-2: Ball 3-2: SINGLE (Flyball, 9S, EV 91.2 MPH)
|
|
Batting: LHB Gabe Pace
|
0-0: Ball Hyoji Toda steals 2nd base (no throw) 1-0: Ball 2-0: Ground out U3 (Groundball, 3, EV 91.9 MPH) Hyoji Toda to third
|
|
Batting: LHB Tom Edwards
|
0-0: Called Strike 0-1: SINGLE (Groundball, 34S, EV 75.6 MPH) (infield hit)
|
|
Batting: LHB Josh Downs
|
0-0: Called Strike 0-1: Called Strike Tom Edwards steals 2nd base 0-2: Ball 1-2: Ball 2-2: Ball 3-2: Foul Ball, location: 2F 3-2: Foul Ball, location: 2F 3-2: Base on Balls
|
|
Batting: RHB Tony Logan
|
0-0: Called Strike 0-1: Foul Ball, location: 2F 0-2: Ball 1-2: Ball 2-2: Ball 3-2: Foul Ball, location: 2F 3-2: DOUBLE (Flyball, 8RXD, EV 111.2 MPH) Hyoji Toda scores Tom Edwards scores Josh Downs to third
|
|
Batting: RHB Mario Saez
|
0-0: Ball 1-0: Foul Ball, location: 2F 1-1: Ball 2-1: Swinging Strike 2-2: Strikes out swinging
|
|
Batting: SHB Brian Bentz
|
0-0: Called Strike 0-1: Swinging Strike 0-2: Ball 1-2: Strikes out looking
|
| Top of the 1st over - 2 runs, 3 hits, 0 errors, 2 left on base; Norfolk 2 - Nashville 0 |
| BOTTOM OF THE 1ST |
|
Nashville Sounds batting - Pitching for Norfolk Tides : LHP Juan Becerra
|
|
Pitching: LHP Juan Becerra
|
|
|
Batting: RHB Robby Godwin
|
0-0: Called Strike 0-1: Foul Ball, location: 2F 0-2: Reached on error, E8 (Flyball, 78D, EV 96.2 MPH)
|
|
Batting: RHB Jorge Bernal
|
0-0: Called Strike Robby Godwin is caught stealing 2nd base 2-4 0-1: Ball 1-1: Ground out 3-1 (Groundball, 34S, EV 88.1 MPH)
|
|
Batting: RHB Chris Stillions
|
0-0: Ground out 6-3 (Groundball, 6, EV 93.1 MPH)
|
| Bottom of the 1st over - 0 runs, 0 hits, 1 error, 0 left on base; Norfolk 2 - Nashville 0 |
| TOP OF THE 2ND |
|
Norfolk Tides batting - Pitching for Nashville Sounds : RHP Reynaldo Edwards
|
|
Batting: RHB Sal Espinosa
|
0-0: Called Strike 0-1: Swinging Strike 0-2: Ball 1-2: Foul Ball, location: 2F 1-2: Strikes out looking
|
|
Batting: RHB Ricky Jimenez
|
0-0: Ball 1-0: Swinging Strike 1-1: Called Strike 1-2: Strikes out swinging
|
|
Batting: LHB Hyoji Toda
|
0-0: Called Strike 0-1: Ball 1-1: Ball 2-1: Called Strike 2-2: Strikes out looking
|
| Top of the 2nd over - 0 runs, 0 hits, 0 errors, 0 left on base; Norfolk 2 - Nashville 0 |
| BOTTOM OF THE 2ND |
|
Nashville Sounds batting - Pitching for Norfolk Tides : LHP Juan Becerra
|
|
Batting: RHB Dusty Thompson
|
0-0: Called Strike 0-1: Ball 1-1: Ball 2-1: Foul Ball, location: 2F 2-2: Ball 3-2: Foul Ball, location: 2F 3-2: Base on Balls
|
|
Batting: LHB Zachary DeLuca
|
0-0: Foul Ball, location: 2F 0-1: Foul Ball, location: 2F 0-2: Ball 1-2: Foul Ball, location: 2F 1-2: Ball 2-2: Fly out, F6 (Flyball, 56D, EV 86.9 MPH)
|
|
Batting: SHB Quincy Bradford
|
0-0: Ball 1-0: Ball 2-0: Foul Ball, location: 2F 2-1: Foul Ball, location: 2F 2-2: Ball 3-2: Strikes out swinging Dusty Thompson is caught stealing 2nd base 2-4 Batter strikes out.
|
| Bottom of the 2nd over - 0 runs, 0 hits, 0 errors, 0 left on base; Norfolk 2 - Nashville 0 |
| TOP OF THE 3RD |
|
Norfolk Tides batting - Pitching for Nashville Sounds : RHP Reynaldo Edwards
|
|
Batting: LHB Gabe Pace
|
0-0: Ball 1-0: Called Strike 1-1: Ground out 4-3 (Groundball, 4, EV 81.9 MPH)
|
|
Batting: LHB Tom Edwards
|
0-0: Ball 1-0: Called Strike 1-1: Ball 2-1: Ground out 6-3 (Groundball, 4M, EV 86.2 MPH)
|
|
Batting: LHB Josh Downs
|
0-0: Called Strike 0-1: Ball 1-1: Ground out U3 (Groundball, 3D, EV 101.2 MPH)
|
| Top of the 3rd over - 0 runs, 0 hits, 0 errors, 0 left on base; Norfolk 2 - Nashville 0 |
| BOTTOM OF THE 3RD |
|
Nashville Sounds batting - Pitching for Norfolk Tides : LHP Juan Becerra
|
|
Batting: SHB Josh Thorpe
|
0-0: Swinging Strike 0-1: Ball 1-1: Ball 2-1: Foul Ball, location: 2F 2-2: Foul Ball, location: 2F 2-2: Ground out 4-3 (Groundball, 4, EV 87.5 MPH)
|
|
Batting: RHB Dunlang Clark
|
0-0: Bunted foul 0-1: Called Strike 0-2: Foul Ball, location: 2F 0-2: Strikes out swinging
|
|
Batting: RHB D.J. Torres
|
0-0: Fly out, F8 (Flyball, 89D, EV 90.0 MPH)
|
| Bottom of the 3rd over - 0 runs, 0 hits, 0 errors, 0 left on base; Norfolk 2 - Nashville 0 |
| TOP OF THE 4TH |
|
Norfolk Tides batting - Pitching for Nashville Sounds : RHP Reynaldo Edwards
|
|
Batting: RHB Tony Logan
|
0-0: SINGLE (Line Drive, 34D, EV 99.4 MPH)
|
|
Batting: RHB Mario Saez
|
0-0: Ball 1-0: Called Strike 1-1: Ball 2-1: Ball 3-1: Called Strike 3-2: Fielders Choice at 2nd, 5-4 (Groundball, 56, EV 96.9 MPH)
|
|
Batting: SHB Brian Bentz
|
0-0: Called Strike 0-1: Ball Mario Saez steals 2nd base 1-1: Called Strike 1-2: SINGLE (Groundball, 4MD, EV 99.4 MPH) Mario Saez to third Runner from 3rd tries for Home, SAFE, throw by CF to home
|
|
Batting: RHB Sal Espinosa
|
0-0: Called Strike Brian Bentz steals 2nd base 0-1: Called Strike 0-2: Strikes out swinging
|
|
Batting: RHB Ricky Jimenez
|
0-0: Foul Ball, location: 2F 0-1: Ball 1-1: Ball 2-1: Foul Ball, location: 2F 2-2: Foul Ball, location: 2F 2-2: Strikes out looking
|
| Top of the 4th over - 1 run, 2 hits, 0 errors, 1 left on base; Norfolk 3 - Nashville 0 |
| BOTTOM OF THE 4TH |
|
Nashville Sounds batting - Pitching for Norfolk Tides : LHP Juan Becerra
|
|
Batting: RHB Robby Godwin
|
0-0: Swinging Strike 0-1: Fly out, F4 (Line Drive, 4, EV 77.5 MPH)
|
|
Batting: RHB Jorge Bernal
|
0-0: Ball 1-0: Called Strike 1-1: TRIPLE (Flyball, 78XD, EV 88.1 MPH)
|
|
Batting: RHB Chris Stillions
|
0-0: Ball 1-0: Foul Ball, location: 2F 1-1: Swinging Strike 1-2: Strikes out swinging
|
|
Batting: RHB Dusty Thompson
|
0-0: Called Strike 0-1: Fly out, F7 (Flyball, 7D, EV 103.1 MPH)
|
| Bottom of the 4th over - 0 runs, 1 hit, 0 errors, 1 left on base; Norfolk 3 - Nashville 0 |
| TOP OF THE 5TH |
|
Norfolk Tides batting - Pitching for Nashville Sounds : RHP Reynaldo Edwards
|
|
Pitching: RHP Ace Gaskins
|
|
|
Batting: LHB Hyoji Toda
|
0-0: Called Strike 0-1: Foul Ball, location: 2F 0-2: Ball 1-2: Ball 2-2: Ball 3-2: Fly out, F5 (Popup, 56S, EV 82.5 MPH)
|
|
Batting: LHB Gabe Pace
|
0-0: Foul Ball, location: 2F 0-1: Ball 1-1: Ball 2-1: Ball 3-1: Base on Balls
|
|
Batting: LHB Tom Edwards
|
0-0: Swinging Strike 0-1: Ball 1-1: Ball 2-1: Ball 3-1: Called Strike 3-2: Base on Balls Gabe Pace to second
|
|
Batting: LHB Josh Downs
|
0-0: Ball 1-0: Ball 2-0: TRIPLE (Flyball, 9LD, EV 101.2 MPH) Gabe Pace scores Tom Edwards scores
|
|
Batting: RHB Tony Logan
|
0-0: Foul Ball, location: 2F 0-1: Foul Ball, location: 2F 0-2: Strikes out looking
|
|
Batting: RHB Mario Saez
|
0-0: Foul Ball, location: 2F 0-1: Ball 1-1: Ball 2-1: Foul Ball, location: 2F 2-2: Ball 3-2: Foul Ball, location: 2F 3-2: Base on Balls
|
|
Batting: SHB Brian Bentz
|
0-0: Ground out 4-3 (Groundball, 34, EV 83.8 MPH)
|
| Top of the 5th over - 2 runs, 1 hit, 0 errors, 2 left on base; Norfolk 5 - Nashville 0 |
| BOTTOM OF THE 5TH |
|
Nashville Sounds batting - Pitching for Norfolk Tides : LHP Juan Becerra
|
|
Batting: LHB Zachary DeLuca
|
0-0: Called Strike 0-1: Called Strike 0-2: Ball 1-2: Ball 2-2: Ball 3-2: Strikes out looking
|
|
Batting: SHB Quincy Bradford
|
0-0: Ball 1-0: Ball 2-0: Foul Ball, location: 2F 2-1: SINGLE (Groundball, 56D, EV 100.6 MPH)
|
|
Batting: SHB Josh Thorpe
|
0-0: Ball 1-0: Called Strike Quincy Bradford steals 2nd base 1-1: Foul Ball, location: 2F 1-2: Foul Ball, location: 2F 1-2: Foul Ball, location: 2F 1-2: Ground out 3-1 (Groundball, 34S, EV 81.2 MPH) Quincy Bradford to third
|
|
Batting: RHB Dunlang Clark
|
0-0: Called Strike 0-1: SINGLE (Groundball, 6S, EV 67.5 MPH) (infield hit) Quincy Bradford scores
|
|
Batting: RHB D.J. Torres
|
0-0: Ball Wild Pitch! Dunlang Clark to second 1-0: Fly out, F7 (Line Drive, 7, EV 104.4 MPH)
|
| Bottom of the 5th over - 1 run, 2 hits, 0 errors, 1 left on base; Norfolk 5 - Nashville 1 |
| TOP OF THE 6TH |
|
Norfolk Tides batting - Pitching for Nashville Sounds : RHP Ace Gaskins
|
|
Batting: RHB Sal Espinosa
|
0-0: Foul Ball, location: 2F 0-1: SOLO HOME RUN (Flyball, 9D, EV 100.6 MPH), Distance : 370 ft
|
|
Batting: RHB Ricky Jimenez
|
0-0: Ball 1-0: Foul Ball, location: 2F 1-1: Fly out, F7 (Flyball, 78D, EV 98.8 MPH)
|
|
Batting: LHB Hyoji Toda
|
0-0: Called Strike 0-1: Foul Ball, location: 2F 0-2: Foul Ball, location: 2F 0-2: Ball 1-2: Ground out U3 (Groundball, 3, EV 91.9 MPH)
|
|
Batting: LHB Gabe Pace
|
0-0: Foul Ball, location: 2F 0-1: DOUBLE (Flyball, 78XD, EV 101.9 MPH)
|
|
Batting: LHB Tom Edwards
|
0-0: Swinging Strike 0-1: Called Strike 0-2: Ball 1-2: SINGLE (Groundball, 4MD, EV 110.6 MPH) Gabe Pace to third Runner from 3rd tries for Home, SAFE, throw by CF to home Tom Edwards to second
|
|
Pitching: RHP Joe Spampinato
|
|
|
Batting: LHB Josh Downs
|
0-0: Ball 1-0: Ball 2-0: Ball 3-0: Called Strike 3-1: Foul Ball, location: 2F 3-2: Base on Balls
|
|
Batting: RHB Tony Logan
|
0-0: Called Strike 0-1: Foul Ball, location: 2F 0-2: Ball 1-2: Foul Ball, location: 2F 1-2: Foul Ball, location: 2F 1-2: Foul Ball, location: 2F 1-2: Foul Ball, location: 2F 1-2: Strikes out looking
|
| Top of the 6th over - 2 runs, 3 hits, 0 errors, 2 left on base; Norfolk 7 - Nashville 1 |
| BOTTOM OF THE 6TH |
|
Nashville Sounds batting - Pitching for Norfolk Tides : LHP Juan Becerra
|
|
Batting: RHB Robby Godwin
|
0-0: SINGLE (Groundball, 56D, EV 103.1 MPH)
|
|
Batting: RHB Jorge Bernal
|
0-0: Ball Robby Godwin steals 2nd base 1-0: Fly out, F7 (Line Drive, 7, EV 96.9 MPH)
|
|
Batting: RHB Chris Stillions
|
0-0: Ball 1-0: Ball 2-0: Fly out, F4 (Popup, 4MD, EV 55.0 MPH)
|
|
Batting: RHB Dusty Thompson
|
0-0: Called Strike 0-1: Ground out 6-3 (Groundball, 6, EV 91.2 MPH)
|
| Bottom of the 6th over - 0 runs, 1 hit, 0 errors, 1 left on base; Norfolk 7 - Nashville 1 |
| TOP OF THE 7TH |
|
Norfolk Tides batting - Pitching for Nashville Sounds : RHP Joe Spampinato
|
|
Batting: RHB Mario Saez
|
0-0: Ground out 6-3 (Groundball, 6, EV 90.0 MPH)
|
|
Batting: SHB Brian Bentz
|
0-0: Ball 1-0: Called Strike 1-1: Foul Ball, location: 2F 1-2: Strikes out looking
|
|
Batting: RHB Sal Espinosa
|
0-0: Called Strike 0-1: Called Strike 0-2: Foul Ball, location: 2F 0-2: Ball 1-2: Strikes out swinging
|
| Top of the 7th over - 0 runs, 0 hits, 0 errors, 0 left on base; Norfolk 7 - Nashville 1 |
| BOTTOM OF THE 7TH |
|
Nashville Sounds batting - Pitching for Norfolk Tides : LHP Juan Becerra
|
|
Batting: LHB Zachary DeLuca
|
0-0: Ball 1-0: Ball 2-0: Called Strike 2-1: Fly out, F9 (Flyball, 89XD, EV 78.8 MPH)
|
|
Batting: SHB Quincy Bradford
|
0-0: Ball 1-0: Ball 2-0: Foul Ball, location: 2F 2-1: TRIPLE (Flyball, 89XD, EV 95.6 MPH)
|
|
Batting: SHB Josh Thorpe
|
0-0: Called Strike 0-1: Ball 1-1: Ball Wild Pitch! Quincy Bradford scores 2-1: Ball 3-1: Called Strike 3-2: Base on Balls
|
|
Batting: RHB Dunlang Clark
|
0-0: Ball 1-0: Foul Ball, location: 2F 1-1: Ball Josh Thorpe steals 2nd base (no throw) 2-1: Swinging Strike 2-2: DOUBLE (Line Drive, 7LM, EV 95.6 MPH) Josh Thorpe scores
|
|
Batting: RHB D.J. Torres
|
0-0: Called Strike 0-1: Foul Ball, location: 2F 0-2: Foul Ball, location: 2F 0-2: Strikes out looking
|
|
Batting: RHB Robby Godwin
|
0-0: Called Strike 0-1: Ball 1-1: Ball 2-1: Foul Ball, location: 2F 2-2: Hit by Pitch
|
|
Pitching: RHP Dustin Wein
|
|
|
Batting: RHB Jorge Bernal
|
0-0: Ball 1-0: Ball 2-0: Fielders Choice at 2nd, 5-4 (Groundball, 5, EV 106.2 MPH)
|
| Bottom of the 7th over - 2 runs, 2 hits, 0 errors, 2 left on base; Norfolk 7 - Nashville 3 |
| TOP OF THE 8TH |
|
Norfolk Tides batting - Pitching for Nashville Sounds : RHP Joe Spampinato
|
|
Batting: RHB Ricky Jimenez
|
0-0: Foul Ball, location: 2F 0-1: Hit by Pitch
|
|
Batting: LHB Hyoji Toda
|
0-0: Ball 1-0: Ball 2-0: Ball 3-0: Base on Balls Ricky Jimenez to second
|
|
Batting: LHB Gabe Pace
|
0-0: Sac Bunt to 15S - play at first, batter safe! Ricky Jimenez to third Hyoji Toda to second
|
|
Batting: LHB Tom Edwards
|
0-0: Foul Ball, location: 2F 0-1: Ball 1-1: Swinging Strike 1-2: Strikes out swinging
|
|
Batting: LHB Josh Downs
|
0-0: Ball 1-0: Called Strike 1-1: Called Strike 1-2: Ball 2-2: Strikes out swinging
|
|
Batting: RHB Tony Logan
|
0-0: Called Strike 0-1: Fielders Choice at 2nd, 5-4 (Groundball, 56, EV 85.6 MPH)
|
| Top of the 8th over - 0 runs, 1 hit, 0 errors, 3 left on base; Norfolk 7 - Nashville 3 |
| BOTTOM OF THE 8TH |
|
Nashville Sounds batting - Pitching for Norfolk Tides : RHP Dustin Wein
|
|
Batting: RHB Chris Stillions
|
0-0: Ground out 6-3 (Groundball, 6, EV 81.9 MPH)
|
|
Batting: RHB Dusty Thompson
|
0-0: Ground out 6-3 (Groundball, 6, EV 88.1 MPH)
|
|
Batting: LHB Zachary DeLuca
|
0-0: Called Strike 0-1: Ball 1-1: Called Strike 1-2: Ball 2-2: Ball 3-2: Foul Ball, location: 2F 3-2: SINGLE (Groundball, P, EV 91.2 MPH) (infield hit)
|
|
Pitching: RHP Aaron Schneider
|
|
|
Batting: SHB Quincy Bradford
|
0-0: Ball 1-0: Foul Ball, location: 2F 1-1: Foul Ball, location: 2F 1-2: Strikes out swinging
|
| Bottom of the 8th over - 0 runs, 1 hit, 0 errors, 1 left on base; Norfolk 7 - Nashville 3 |
| TOP OF THE 9TH |
|
Norfolk Tides batting - Pitching for Nashville Sounds : RHP Joe Spampinato
|
|
Pitching: RHP Craig Daniel
|
|
|
Batting: RHB Mario Saez
|
0-0: Called Strike 0-1: Ball 1-1: Swinging Strike 1-2: Foul Ball, location: 2F 1-2: Ball 2-2: Strikes out swinging
|
|
Batting: SHB Brian Bentz
|
0-0: Called Strike 0-1: Foul Ball, location: 2F 0-2: Ball 1-2: Foul Ball, location: 2F 1-2: Fly out, F8 (Line Drive, 8LM, EV 95.6 MPH)
|
|
Batting: RHB Sal Espinosa
|
0-0: Fly out, F8 (Flyball, 8LXD, EV 87.5 MPH)
|
| Top of the 9th over - 0 runs, 0 hits, 0 errors, 0 left on base; Norfolk 7 - Nashville 3 |
| BOTTOM OF THE 9TH |
|
Nashville Sounds batting - Pitching for Norfolk Tides : RHP Aaron Schneider
|
|
Batting: SHB Josh Thorpe
|
0-0: Ground out 6-3 (Groundball, 6, EV 94.4 MPH)
|
|
Batting: RHB Dunlang Clark
|
0-0: Foul Ball, location: 2F 0-1: Ball 1-1: Called Strike 1-2: Strikes out swinging
|
|
Batting: RHB D.J. Torres
|
0-0: Swinging Strike 0-1: Foul Ball, location: 2F 0-2: Ball 1-2: Ball 2-2: Ball 3-2: Strikes out looking
|
| Bottom of the 9th over - 0 runs, 0 hits, 0 errors, 0 left on base; Norfolk 7 - Nashville 3 |
|